 Dungeon Crawl Stone Soup version 0.18.1-8-gdd0e5ea (webtiles) character file.

338 Iamburgie the Skirmisher (level 6, -6/41 HPs)
             Began as a Gargoyle Fighter on May 31, 2016.
             Killed by divine providence
             ... invoked by an orc priest
              (15 damage)
             ... on level 4 of the Dungeon.
             The game lasted 00:03:59 (2036 turns).

Iamburgie the Skirmisher (Gargoyle Fighter)         Turns: 2036, Time: 00:03:59

Health: -6/41      AC: 11    Str: 20    XL:     6   Next: 55%
Magic:  6/6        EV:  7    Int:  8    God:
Gold:   152        SH:  0    Dex: 11    Spells: 0 memorised, 5 levels left

rFire  . . .     SeeInvis .     a - +0 war axe
rCold  . . .     Gourm    .     b - +0 scale mail
rNeg   + . .     Faith    .     c - +0 shield
rPois  ∞         Spirit   .     (no helmet)
rElec  +         Dismiss  .     (no cloak)
rCorr  .         Reflect  .     (no gloves)
SustAt .         Harm     .     (no boots)
MR     .....                    (no amulet)
Stlth  ..........               (no ring)
                                (no ring)

@: confused, not resistant to hostile enchantments, extremely unstealthy
A: negative energy resistance 1, electricity resistance, unbreathing,
petrification resistance, rot immunity, AC +4
a: no special abilities


You were on level 4 of the Dungeon.
You were not hungry.

You visited 1 branch of the dungeon, and saw 4 of its levels.

You collected 152 gold pieces.

Inventory:

Hand Weapons
 a - a +0 war axe (weapon)
Armour
 b - a +0 scale mail (worn)
 c - a +0 shield (worn)
 e - a cursed +0 pair of boots
Jewellery
 x - an uncursed ring of protection from fire {unknown}
 y - an uncursed ring of positive energy {unknown}
Wands
 u - a wand of hasting (4/9)
Scrolls
 h - 2 scrolls of magic mapping {unknown}
 i - 4 scrolls of identify {unknown}
 l - 3 scrolls of remove curse {unknown}
 p - a scroll of blinking {unknown}
 q - 2 scrolls of recharging {unknown}
 r - a scroll of fog {unknown}
 s - 2 scrolls of teleportation {unknown}
 t - 3 scrolls of enchant armour {unknown}
Potions
 d - a potion of might
 j - a potion of degeneration {unknown}
 m - a potion of agility {unknown}
 n - a potion of curing {unknown}
 o - a potion of invisibility {unknown}
 w - a potion of mutation {unknown}
 z - a potion of flight {unknown}
Comestibles
 f - 3 bread rations
 g - a meat ration
 k - 3 fruits
 v - 2 chunks of flesh


   Skills:
 + Level 6.0 Fighting
 + Level 4.4 Axes
 - Level 3.2 Armour
 - Level 3.2 Shields


You had 5 spell levels left.
You didn't know any spells.

Dungeon Overview and Level Annotations

Branches:
Dungeon (4/15)
 Temple: D:4-7

Altars:
Ashenzari
Kikubaaqudgha
Qazlal


Innate Abilities, Weirdness & Mutations

You are resistant to torment.
Your stone body is resilient (AC +4).
You are immune to poison.
You resist negative energy.
You are resistant to electric shocks.
You can survive without breathing.
You are immune to petrification.
You are immune to rotting.


Message History

You block the orc's attack. The orc wizard hits you with a dagger.
* * * LOW HITPOINT WARNING * * *
You block the orc priest's attack. The orc hits you.
* * * LOW HITPOINT WARNING * * *
You hit the orc priest.
The orc priest is heavily wounded.
You closely miss the orc. You hit the orc but do no damage.
The orc is severely wounded.
You closely miss the orc wizard.
The orc wizard is moderately wounded.
The orc wizard casts a spell at you.
You are confused.
The orc priest hits you but does no damage.
The orc hits you but does no damage. The orc closely misses you.
The orc wizard casts a spell at you. The puff of flame hits you!
You bump into the rock wall.
The orc priest invokes the aid of Beogh against you.
Beogh smites you!
You die...

###### #..#### ....># ###.....##
.....# .........### .....#
o..........# #####..#.### .....#
..?....#.##............ .....#
#.#.............(....... .....#
#.(..................... .....#
#ooo............... .....#
####@o............... #...##
##.......$............ #.#.###
###.....................
......####.......................
......##.........................
..........###....###......##.....
.........#...#..#...#.....#......
.........#.⌠.#..#.⌠.#.<##......##
......#..#...#≈≈#...#..##.....###


You could see an orc priest, an orc wizard and 2 orcs.

Vanquished Creatures
  A phantom (D:4)
  The ghost of kolansburg the Shooter, an amateur CeHu (D:3)
  A scorpion (D:4)
  5 adders
  2 oozes
  2 worms (D:3)
  2 dart slugs (D:1)
  4 giant geckos
  An orc (D:4)
  A ball python (D:1)
  2 giant cockroaches
  2 goblins (D:1)
  6 hobgoblins
  6 kobolds
  2 quokkas
  6 bats
  3 giant newts
  4 rats
51 creatures vanquished.

Notes
Turn   | Place    | Note
--------------------------------------------------------------
     0 | D:1      | Iamburgie the Gargoyle Fighter began the quest for the Orb.
     0 | D:1      | Reached XP level 1. HP: 14/14 MP: 1/1
    86 | D:1      | Reached XP level 2. HP: 14/19 MP: 2/2
   196 | D:1      | Reached skill level 4 in Fighting
   376 | D:1      | Reached XP level 3. HP: 21/24 MP: 3/3
   760 | D:2      | Reached XP level 4. HP: 17/30 MP: 4/4
  1294 | D:3      | Found a stormy altar of Qazlal.
  1295 | D:3      | Noticed a water elemental
  1297 | D:3      | Noticed a fire elemental
  1297 | D:3      | Noticed an air elemental
  1297 | D:3      | Noticed an earth elemental
  1298 | D:3      | Noticed kolansburg's ghost (amateur CeHu)
  1311 | D:3      | Killed kolansburg's ghost
  1311 | D:3      | Reached skill level 5 in Fighting
  1311 | D:3      | Reached XP level 5. HP: 32/35 MP: 5/5
  1572 | D:3      | Found a shattered altar of Ashenzari.
  1903 | D:4      | Found an ancient bone altar of Kikubaaqudgha.
  1934 | D:4      | Reached XP level 6. HP: 33/40 MP: 6/6
  1986 | D:4      | Noticed a phantom
  2011 | D:4      | Killed a phantom
  2011 | D:4      | Reached skill level 6 in Fighting
  2036 | D:4      | Killed from afar by an orc priest

Skill      XL: |  1  2  3  4  5  6 |
---------------+-------------------+-----
Axes           | 2 3 4 |  4.4
Fighting       | 4 5 6 |  6.0
Armour         | |  3.2
Shields        | |  3.2

Action                   |  1- 3 |  4- 6 || total
-------------------------+-------+-------++-------
Melee: War axe           |   108 |   103 ||   211
  Eat: Chunk             |       |     4 ||     4
Armor: Scale mail        |    81 |    47 ||   128
Dodge: Dodged            |    52 |    25 ||    77
Block: Shield            |    62 |    60 ||   122
